[ AOE2 MATCH · #485359041 ]
UnrankedJapanese vs Spanish
[ REPLAY ANALYSIS · EXTRACTED FROM THE RECORDED GAME ]
Feudal
11:27
Castle
23:42
Imperial
—
| APM avg | 42.9 |
| APM peak | 69 |
| eAPM avg | 18.2 |
| Villagers / military | 49 / 21 |
Focus
⚔️ 28.7% · 🌾 71.3%
Militia ×12 · Spearman ×8 · Fishing Ship ×8 · Battering Ram ×1
Feudal
14:07
Castle
20:34
Imperial
—
| APM avg | 25.1 |
| APM peak | 45 |
| eAPM avg | 15.2 |
| Villagers / military | 44 / 2 |
Focus
⚔️ 22.4% · 🌾 77.6%
Fishing Ship ×5 · Mangonel ×2
Feudal
13:22
Castle
17:28
Imperial
—
| APM avg | 32.7 |
| APM peak | 65 |
| eAPM avg | 12.8 |
| Villagers / military | 42 / 2 |
Focus
⚔️ 19.7% · 🌾 80.3%
Conquistador ×2
Feudal
13:38
Castle
17:34
Imperial
—
| APM avg | 25.9 |
| APM peak | 49 |
| eAPM avg | 17.7 |
| Villagers / military | 117 / 8 |
Focus
⚔️ 33.5% · 🌾 66.5%
Cavalry Archer ×8
Feudal
11:53
Castle
23:49
Imperial
—
| APM avg | 48.7 |
| APM peak | 91 |
| eAPM avg | 19.4 |
| Villagers / military | 42 / 37 |
Focus
⚔️ 36.8% · 🌾 63.2%
Archer ×36 · Mangonel ×1
Feudal
13:32
Castle
—
Imperial
—
| APM avg | 35.3 |
| APM peak | 70 |
| eAPM avg | 12.4 |
| Villagers / military | 40 / 8 |
Focus
⚔️ 18.4% · 🌾 81.6%
Archer ×8
Feudal
12:34
Castle
16:29
Imperial
—
| APM avg | 46.7 |
| APM peak | 76 |
| eAPM avg | 22.8 |
| Villagers / military | 82 / 11 |
Focus
⚔️ 26.3% · 🌾 73.7%
Knight ×11
Feudal
13:25
Castle
24:47
Imperial
—
| APM avg | 35.8 |
| APM peak | 69 |
| eAPM avg | 14.8 |
| Villagers / military | 39 / 17 |
Focus
⚔️ 25.5% · 🌾 74.5%
Archer ×14 · Scout Cavalry ×3
Match map
Initial resources + every placement click. Lines = walls · curves = elevation contours. ◆ gold · ⬟ stone · ● berries · ✦ relic · ◌ wall gap
Your base· Open — unwalled flank
brunol1901's base· Open — unwalled flank
trabant's base· Open — 1t gap
Floripa's base· Open — 6t gap
The Slayer's base· Open — unwalled flank
Mat--'s base· Open — unwalled flank
H 2 0's base· Open — 14t gap
czj136's base· Open — unwalled flank
Smoothed initial terrain · ◌ = detected wall gap · hover for details
Inputs per minute
— Fs.mano do age - - brunol1901
Build order — Fs.mano do age
141 actions detected in the replay
| 0:10 | Build | Town Center |
| 0:26 | Build | Mill |
| 0:46 | Build | House |
| 0:47 | Build | House |
| 2:33 | Queue | Villager (Male) |
| 2:34 | Queue | Villager (Male) |
| 2:34 | Queue | Villager (Male) |
| 2:34 | Queue | Villager (Male) |
| 2:35 | Queue | Villager (Male) |
| 3:04 | Build | House |
| 3:25 | Queue | Villager (Male) |
| 3:25 | Queue | Villager (Male) |
| 3:55 | Queue | Villager (Male) |
| 3:56 | Queue | Villager (Male) |
| 4:45 | Queue | Villager (Male) |
| 4:45 | Queue | Villager (Male) |
| 4:48 | Queue | Villager (Male) |
| 4:49 | Queue | Villager (Male) |
| 5:04 | Build | Lumber Camp |
| 5:05 | Queue | Villager (Male) |
| 5:39 | Queue | Villager (Male) |
| 5:39 | Queue | Villager (Male) |
| 5:39 | Queue | Villager (Male) |
| 6:12 | Queue | Villager (Male) |
| 6:15 | Build | House |
| 6:41 | Queue | Villager (Male) |
| 7:23 | Queue | Villager (Male) |
| 7:51 | Queue | Villager (Male) |
| 7:58 | Build | House |
| 8:18 | Build | House |
| 8:46 | Build | Barracks |
| 8:50 | Queue | Villager (Male) |
| 9:17 | Research | Feudal Age |
| 9:27 | Build | Mining Camp |
| 9:34 | Build | House |
| 9:36 | Build | House |
| 9:43 | Queue | Militia |
| 9:44 | Queue | Militia |
| 10:20 | Queue | Villager (Male) |
| 10:21 | Queue | Militia |
| 10:57 | Queue | Militia |
| 11:05 | Build | Mill |
| 11:12 | Build | Mill |
| 11:27 | Age | Feudal Age |
| 11:31 | Research | Man-at-Arms (upgrade) |
| 11:31 | Research | Man-at-Arms (upgrade) |
| 11:38 | Queue | Villager (Male) |
| 11:45 | Build | Dock |
| 11:56 | Queue | Militia |
| 12:12 | Build | House |
| 12:13 | Build | House |
| 12:20 | Queue | Militia |
| 12:31 | Queue | Villager (Male) |
| 12:37 | Queue | Fishing Ship |
| 12:56 | Queue | Militia |
| 13:04 | Queue | Villager (Male) |
| 13:05 | Queue | Villager (Male) |
| 13:20 | Queue | Villager (Male) |
| 13:28 | Queue | Militia |
| 13:36 | Queue | Villager (Male) |
| 13:59 | Queue | Villager (Male) |
| 14:23 | Queue | Villager (Male) |
| 14:25 | Queue | Fishing Ship |
| 14:29 | Research | Loom |
| 14:39 | Queue | Spearman |
| 14:39 | Queue | Spearman |
| 14:43 | Queue | Spearman |
| 14:56 | Queue | Villager (Male) |
| 14:59 | Build | Blacksmith |
| 15:15 | Queue | Villager (Male) |
| 15:19 | Queue | Spearman |
| 15:29 | Queue | Fishing Ship |
| 15:33 | Build | House |
| 15:57 | Research | Forging |
| 15:59 | Research | Wheelbarrow |
| 16:03 | Build | House |
| 16:04 | Build | House |
| 16:04 | Build | House |
| 16:06 | Build | House |
| 16:23 | Queue | Villager (Male) |
| 16:29 | Research | Scale Mail Armor |
| 16:31 | Queue | Fishing Ship |
| 16:35 | Build | Fish Trap |
| 16:39 | Build | Fish Trap |
| 16:55 | Queue | Spearman |
| 16:55 | Queue | Spearman |
| 17:30 | Queue | Fishing Ship |
| 17:40 | Build | Fish Trap |
| 17:43 | Queue | Villager (Male) |
| 18:12 | Queue | Villager (Male) |
| 18:14 | Build | Farm |
| 18:15 | Queue | Villager (Male) |
| 18:16 | Queue | Fishing Ship |
| 18:40 | Queue | Villager (Male) |
| 19:03 | Queue | Fishing Ship |
| 19:19 | Queue | Spearman |
| 19:24 | Build | House |
| 19:26 | Build | Palisade Wall |
| 19:27 | Build | Palisade Wall |
| 19:29 | Build | Palisade Wall |
| 19:30 | Build | Palisade Wall |
| 19:32 | Build | Palisade Wall |
| 19:33 | Build | Palisade Wall |
| 19:41 | Build | Palisade Wall |
| 19:48 | Queue | Villager (Male) |
| 19:53 | Build | Stone Wall |
| 20:02 | Build | Market |
| 20:18 | Build | Barracks |
| 20:19 | Queue | Villager (Male) |
| 20:24 | Queue | Villager (Male) |
| 21:02 | Research | Castle Age |
| 21:02 | Research | Castle Age |
| 21:45 | Queue | Fishing Ship |
| 22:02 | Queue | Spearman |
| 22:11 | Research | Gold Mining |
| 22:11 | Research | Gold Mining |
| 22:19 | Queue | Militia |
| 22:19 | Queue | Militia |
| 22:35 | Build | Fish Trap |
| 22:39 | Queue | Villager (Male) |
| 23:02 | Research | Double-Bit Axe |
| 23:02 | Research | Double-Bit Axe |
| 23:06 | Queue | Militia |
| 23:09 | Queue | Militia |
| 23:11 | Queue | Villager (Male) |
| 23:42 | Age | Castle Age |
| 23:46 | Queue | Villager (Male) |
| 23:54 | Build | Town Center |
| 24:05 | Build | Siege Workshop |
| 24:11 | Queue | Villager (Male) |
| 24:15 | Research | Long Swordsman (upgrade) |
| 24:16 | Research | Squires |
| 24:19 | Research | Chain Mail Armor |
| 24:21 | Queue | Villager (Male) |
| 24:30 | Research | Bow Saw |
| 24:31 | Research | Bow Saw |
| 25:03 | Queue | Villager (Male) |
| 25:03 | Queue | Villager (Male) |
| 25:05 | Queue | Villager (Male) |
| 25:13 | Research | Pikeman (upgrade) |
| 25:21 | Queue | Battering Ram |
Build order — brunol1901
80 actions detected in the replay
| 0:38 | Build | Town Center |
| 3:01 | Queue | Villager (Male) |
| 3:01 | Queue | Villager (Male) |
| 3:01 | Queue | Villager (Male) |
| 3:01 | Queue | Villager (Male) |
| 4:25 | Queue | Villager (Male) |
| 4:26 | Queue | Villager (Male) |
| 4:44 | Queue | Villager (Male) |
| 4:45 | Queue | Villager (Male) |
| 5:05 | Queue | Villager (Male) |
| 5:06 | Queue | Villager (Male) |
| 5:34 | Queue | Villager (Male) |
| 5:35 | Queue | Villager (Male) |
| 5:35 | Queue | Villager (Male) |
| 6:15 | Queue | Villager (Male) |
| 6:15 | Queue | Villager (Male) |
| 6:15 | Queue | Villager (Male) |
| 6:51 | Queue | Villager (Male) |
| 6:52 | Queue | Villager (Male) |
| 6:53 | Queue | Villager (Male) |
| 6:53 | Queue | Villager (Male) |
| 6:56 | Queue | Villager (Male) |
| 6:56 | Queue | Villager (Male) |
| 6:56 | Queue | Villager (Male) |
| 7:26 | Queue | Villager (Male) |
| 7:26 | Queue | Villager (Male) |
| 8:29 | Queue | Villager (Male) |
| 8:29 | Queue | Villager (Male) |
| 8:29 | Queue | Villager (Male) |
| 8:53 | Queue | Villager (Male) |
| 9:11 | Build | Dock |
| 10:24 | Queue | Fishing Ship |
| 10:24 | Queue | Fishing Ship |
| 10:25 | Research | Loom |
| 11:01 | Queue | Villager (Male) |
| 11:07 | Build | Mining Camp |
| 11:18 | Queue | Fishing Ship |
| 11:28 | Queue | Villager (Male) |
| 11:51 | Queue | Fishing Ship |
| 11:57 | Research | Feudal Age |
| 11:57 | Research | Feudal Age |
| 13:11 | Queue | Fishing Ship |
| 14:00 | Queue | Villager (Male) |
| 14:07 | Age | Feudal Age |
| 14:14 | Build | Mill |
| 14:19 | Build | Blacksmith |
| 14:37 | Build | Watch Tower |
| 14:41 | Queue | Villager (Male) |
| 14:44 | Queue | Villager (Male) |
| 15:12 | Queue | Villager (Male) |
| 15:26 | Build | Palisade Wall |
| 15:27 | Build | Palisade Wall |
| 15:28 | Build | Palisade Wall |
| 15:36 | Queue | Villager (Male) |
| 15:42 | Build | Palisade Wall |
| 15:53 | Build | Watch Tower |
| 16:14 | Queue | Villager (Male) |
| 16:32 | Build | Market |
| 17:04 | Research | Fletching |
| 17:04 | Research | Fletching |
| 17:27 | Queue | Villager (Male) |
| 17:54 | Research | Castle Age |
| 17:54 | Research | Castle Age |
| 18:12 | Build | Watch Tower |
| 19:09 | Build | Lumber Camp |
| 19:53 | Build | Watch Tower |
| 20:27 | Research | Double-Bit Axe |
| 20:28 | Research | Double-Bit Axe |
| 20:34 | Age | Castle Age |
| 20:40 | Queue | Villager (Male) |
| 21:02 | Queue | Villager (Male) |
| 21:10 | Queue | Villager (Male) |
| 21:14 | Build | Siege Workshop |
| 21:16 | Queue | Villager (Male) |
| 21:16 | Queue | Villager (Male) |
| 21:46 | Build | Fish Trap |
| 22:07 | Queue | Mangonel |
| 22:28 | Queue | Villager (Male) |
| 23:54 | Queue | Mangonel |
| 24:50 | Build | Fish Trap |
Build order — trabant
87 actions detected in the replay
| 0:41 | Build | Town Center |
| 1:36 | Build | House |
| 2:37 | Build | House |
| 2:48 | Queue | Villager (Male) |
| 2:49 | Queue | Villager (Male) |
| 2:49 | Queue | Villager (Male) |
| 2:49 | Queue | Villager (Male) |
| 4:11 | Queue | Villager (Male) |
| 4:50 | Build | House |
| 4:56 | Queue | Villager (Male) |
| 4:57 | Queue | Villager (Male) |
| 5:07 | Build | Mill |
| 5:11 | Research | Loom |
| 5:43 | Queue | Villager (Male) |
| 6:01 | Queue | Villager (Male) |
| 6:01 | Queue | Villager (Male) |
| 6:01 | Queue | Villager (Male) |
| 7:17 | Queue | Villager (Male) |
| 7:18 | Queue | Villager (Male) |
| 7:30 | Queue | Villager (Male) |
| 7:41 | Build | House |
| 8:07 | Queue | Villager (Male) |
| 8:37 | Queue | Villager (Male) |
| 9:01 | Queue | Villager (Male) |
| 9:02 | Queue | Villager (Male) |
| 9:02 | Queue | Villager (Male) |
| 9:48 | Build | House |
| 10:08 | Build | Mining Camp |
| 10:14 | Queue | Villager (Male) |
| 10:40 | Build | Palisade Wall |
| 10:52 | Research | Feudal Age |
| 11:43 | Queue | Villager (Male) |
| 11:43 | Queue | Villager (Male) |
| 13:22 | Age | Feudal Age |
| 13:34 | Build | Market |
| 13:42 | Build | Blacksmith |
| 13:48 | Build | Palisade Wall |
| 14:34 | Build | Palisade Wall |
| 14:47 | Build | Palisade Wall |
| 14:48 | Research | Castle Age |
| 15:14 | Build | Watch Tower |
| 16:17 | Build | House |
| 16:33 | Build | Outpost |
| 17:07 | Build | Palisade Wall |
| 17:28 | Age | Castle Age |
| 17:31 | Queue | Villager (Male) |
| 17:53 | Queue | Villager (Male) |
| 18:21 | Research | Town Watch |
| 18:33 | Build | Castle |
| 18:38 | Queue | Villager (Male) |
| 18:50 | Build | Blacksmith |
| 19:07 | Queue | Villager (Male) |
| 19:08 | Queue | Villager (Male) |
| 20:18 | Queue | Villager (Male) |
| 20:22 | Build | Farm |
| 20:38 | Queue | Conquistador |
| 21:17 | Build | Town Center |
| 21:20 | Queue | Villager (Male) |
| 21:25 | Queue | Villager (Male) |
| 21:48 | Queue | Villager (Male) |
| 21:49 | Queue | Conquistador |
| 22:09 | Queue | Villager (Male) |
| 22:21 | Queue | Villager (Male) |
| 22:30 | Build | Lumber Camp |
| 22:50 | Queue | Villager (Male) |
| 23:10 | Research | Double-Bit Axe |
| 23:20 | Queue | Villager (Male) |
| 23:32 | Queue | Villager (Male) |
| 24:04 | Queue | Villager (Male) |
| 24:05 | Queue | Villager (Male) |
| 24:14 | Build | Farm |
| 24:15 | Build | Farm |
| 24:44 | Queue | Villager (Male) |
| 24:44 | Queue | Villager (Male) |
| 24:51 | Build | Town Center |
| 24:54 | Research | Horse Collar |
| 25:12 | Queue | Villager (Male) |
| 25:23 | Build | Farm |
| 25:24 | Build | Farm |
| 25:26 | Build | Farm |
| 25:27 | Build | Farm |
| 25:34 | Build | Farm |
| 25:35 | Build | Farm |
| 25:38 | Build | Farm |
| 25:39 | Queue | Villager (Male) |
| 25:43 | Build | Farm |
| 25:59 | Build | Farm |
Build order — Floripa
First 150 of 177 actions detected
| 0:36 | Build | Town Center |
| 3:18 | Research | Loom |
| 3:48 | Queue | Villager (Male) |
| 3:49 | Queue | Villager (Male) |
| 4:12 | Queue | Villager (Male) |
| 4:33 | Queue | Villager (Male) |
| 4:33 | Queue | Villager (Male) |
| 4:53 | Queue | Villager (Male) |
| 4:53 | Queue | Villager (Male) |
| 4:59 | Build | Palisade Wall |
| 5:11 | Build | Lumber Camp |
| 5:19 | Queue | Villager (Male) |
| 5:49 | Queue | Villager (Male) |
| 5:49 | Queue | Villager (Male) |
| 6:19 | Queue | Villager (Male) |
| 6:19 | Queue | Villager (Male) |
| 6:28 | Build | House |
| 6:34 | Queue | Villager (Male) |
| 7:21 | Build | House |
| 7:31 | Build | House |
| 7:43 | Build | Mill |
| 7:43 | Queue | Villager (Male) |
| 7:46 | Build | House |
| 7:58 | Queue | Villager (Male) |
| 8:20 | Queue | Villager (Male) |
| 8:23 | Queue | Villager (Male) |
| 8:26 | Queue | Villager (Male) |
| 8:31 | Queue | Villager (Male) |
| 8:31 | Queue | Villager (Male) |
| 8:41 | Queue | Villager (Male) |
| 8:48 | Build | House |
| 8:59 | Queue | Villager (Male) |
| 9:33 | Queue | Villager (Male) |
| 9:45 | Build | Mill |
| 9:47 | Queue | Villager (Male) |
| 9:54 | Queue | Villager (Male) |
| 9:54 | Queue | Villager (Male) |
| 9:58 | Queue | Villager (Male) |
| 10:04 | Queue | Villager (Male) |
| 10:12 | Queue | Villager (Male) |
| 10:18 | Build | Palisade Wall |
| 10:37 | Build | Palisade Wall |
| 10:38 | Queue | Villager (Male) |
| 10:52 | Queue | Villager (Male) |
| 10:58 | Build | Mining Camp |
| 11:06 | Research | Feudal Age |
| 11:40 | Build | Palisade Wall |
| 11:46 | Build | Palisade Wall |
| 12:24 | Build | House |
| 12:40 | Queue | Villager (Male) |
| 12:58 | Queue | Villager (Male) |
| 13:10 | Queue | Villager (Male) |
| 13:22 | Build | Palisade Wall |
| 13:26 | Queue | Villager (Male) |
| 13:30 | Build | Palisade Wall |
| 13:30 | Queue | Villager (Male) |
| 13:32 | Build | Palisade Wall |
| 13:33 | Queue | Villager (Male) |
| 13:38 | Age | Feudal Age |
| 13:43 | Build | Market |
| 13:44 | Queue | Villager (Male) |
| 13:47 | Build | Blacksmith |
| 13:53 | Build | Palisade Wall |
| 13:55 | Build | Palisade Wall |
| 13:56 | Build | Palisade Wall |
| 13:58 | Build | Palisade Wall |
| 14:18 | Build | Palisade Wall |
| 14:48 | Research | Castle Age |
| 14:59 | Build | Palisade Wall |
| 15:08 | Research | Double-Bit Axe |
| 15:32 | Build | House |
| 15:50 | Research | Horse Collar |
| 16:11 | Queue | Villager (Male) |
| 16:14 | Build | Palisade Gate |
| 16:28 | Queue | Villager (Male) |
| 16:49 | Queue | Villager (Male) |
| 17:07 | Queue | Villager (Male) |
| 17:34 | Age | Castle Age |
| 17:36 | Build | Town Center |
| 17:37 | Queue | Villager (Male) |
| 17:42 | Research | Bow Saw |
| 17:57 | Research | Wheelbarrow |
| 18:18 | Queue | Villager (Male) |
| 18:41 | Queue | Villager (Male) |
| 18:55 | Queue | Villager (Male) |
| 18:55 | Queue | Villager (Male) |
| 19:07 | Build | Town Center |
| 19:09 | Queue | Villager (Male) |
| 19:14 | Queue | Villager (Male) |
| 19:31 | Queue | Villager (Male) |
| 19:43 | Queue | Villager (Male) |
| 19:57 | Queue | Villager (Male) |
| 20:14 | Queue | Villager (Male) |
| 20:17 | Build | Town Center |
| 20:20 | Queue | Villager (Male) |
| 20:22 | Queue | Villager (Male) |
| 20:25 | Queue | Villager (Male) |
| 20:45 | Queue | Villager (Male) |
| 20:45 | Queue | Villager (Male) |
| 20:52 | Queue | Villager (Male) |
| 20:57 | Queue | Villager (Male) |
| 21:02 | Queue | Villager (Male) |
| 21:13 | Queue | Villager (Male) |
| 21:21 | Queue | Villager (Male) |
| 21:28 | Queue | Villager (Male) |
| 21:29 | Queue | Villager (Male) |
| 21:39 | Build | Town Center |
| 21:42 | Queue | Villager (Male) |
| 21:42 | Queue | Villager (Male) |
| 21:46 | Queue | Villager (Male) |
| 21:48 | Queue | Villager (Male) |
| 21:55 | Queue | Villager (Male) |
| 22:05 | Queue | Villager (Male) |
| 22:09 | Queue | Villager (Male) |
| 22:11 | Queue | Villager (Male) |
| 22:12 | Queue | Villager (Male) |
| 22:15 | Build | Barracks |
| 22:16 | Queue | Villager (Male) |
| 22:16 | Queue | Villager (Male) |
| 22:38 | Queue | Villager (Male) |
| 22:39 | Queue | Villager (Male) |
| 22:46 | Queue | Villager (Male) |
| 22:49 | Queue | Villager (Male) |
| 22:49 | Queue | Villager (Male) |
| 22:54 | Queue | Villager (Male) |
| 22:56 | Queue | Villager (Male) |
| 22:57 | Queue | Villager (Male) |
| 22:57 | Queue | Villager (Male) |
| 23:13 | Build | Archery Range |
| 23:14 | Queue | Villager (Male) |
| 23:14 | Queue | Villager (Male) |
| 23:16 | Queue | Villager (Male) |
| 23:17 | Queue | Villager (Male) |
| 23:19 | Build | Mill |
| 23:32 | Queue | Villager (Male) |
| 23:33 | Queue | Villager (Male) |
| 23:35 | Queue | Villager (Male) |
| 23:36 | Queue | Villager (Male) |
| 23:43 | Queue | Villager (Male) |
| 23:45 | Build | Archery Range |
| 23:53 | Build | University |
| 23:54 | Queue | Villager (Male) |
| 23:54 | Queue | Villager (Male) |
| 23:55 | Queue | Villager (Male) |
| 23:56 | Queue | Villager (Male) |
| 24:10 | Research | Heavy Plow |
| 24:11 | Queue | Villager (Male) |
| 24:12 | Queue | Villager (Male) |
| 24:13 | Queue | Cavalry Archer |
| 24:13 | Queue | Cavalry Archer |
Build order — The Slayer
121 actions detected in the replay
| 0:08 | Build | Town Center |
| 0:30 | Build | House |
| 2:29 | Queue | Villager (Male) ×4 |
| 3:28 | Queue | Villager (Male) |
| 4:23 | Build | House |
| 4:24 | Build | Lumber Camp |
| 4:29 | Queue | Villager (Male) |
| 4:29 | Queue | Villager (Male) |
| 4:54 | Queue | Villager (Male) |
| 4:57 | Queue | Villager (Male) |
| 5:29 | Queue | Villager (Male) |
| 5:30 | Queue | Villager (Male) |
| 5:48 | Build | House |
| 6:42 | Queue | Villager (Male) |
| 6:43 | Queue | Villager (Male) |
| 6:43 | Queue | Villager (Male) |
| 6:59 | Build | Mill |
| 7:05 | Queue | Villager (Male) |
| 8:00 | Queue | Villager (Male) |
| 8:28 | Build | House |
| 8:44 | Queue | Villager (Male) |
| 9:16 | Research | Loom |
| 9:43 | Research | Feudal Age |
| 10:39 | Build | Barracks |
| 11:38 | Queue | Villager (Male) |
| 11:53 | Age | Feudal Age |
| 11:57 | Build | Archery Range |
| 11:58 | Build | Archery Range |
| 11:59 | Research | Double-Bit Axe |
| 12:00 | Research | Double-Bit Axe |
| 12:15 | Queue | Villager (Male) |
| 12:43 | Build | House |
| 12:45 | Build | Blacksmith |
| 12:49 | Queue | Villager (Male) |
| 12:51 | Queue | Archer |
| 12:55 | Queue | Archer |
| 12:56 | Build | House |
| 13:10 | Queue | Villager (Male) |
| 13:14 | Build | House |
| 13:19 | Queue | Archer |
| 13:19 | Queue | Archer |
| 13:33 | Research | Fletching |
| 13:33 | Research | Fletching |
| 13:36 | Queue | Villager (Male) |
| 13:42 | Queue | Archer |
| 13:44 | Build | House |
| 14:06 | Build | Mill |
| 14:09 | Queue | Archer |
| 14:32 | Queue | Archer |
| 14:32 | Queue | Archer |
| 14:35 | Queue | Villager (Male) |
| 14:54 | Queue | Archer |
| 14:54 | Queue | Archer |
| 14:55 | Queue | Villager (Male) |
| 15:01 | Build | House |
| 15:18 | Queue | Archer |
| 15:30 | Queue | Villager (Male) |
| 15:30 | Queue | Villager (Male) |
| 15:31 | Queue | Archer |
| 15:34 | Build | House |
| 15:50 | Queue | Archer |
| 15:57 | Queue | Villager (Male) |
| 15:58 | Queue | Archer |
| 16:21 | Queue | Archer |
| 16:21 | Queue | Archer |
| 16:41 | Queue | Archer |
| 16:41 | Queue | Archer |
| 16:45 | Queue | Villager (Male) |
| 16:45 | Queue | Villager (Male) |
| 17:11 | Queue | Archer |
| 17:11 | Queue | Archer |
| 17:22 | Build | Mill |
| 17:44 | Build | Watch Tower |
| 17:48 | Queue | Villager (Male) |
| 17:48 | Queue | Villager (Male) |
| 17:57 | Build | Mill |
| 18:49 | Queue | Archer |
| 18:49 | Queue | Archer |
| 18:50 | Queue | Villager (Male) |
| 18:50 | Queue | Villager (Male) |
| 19:12 | Build | Mill |
| 19:16 | Build | Market |
| 19:22 | Build | Mining Camp |
| 19:23 | Queue | Villager (Male) |
| 19:32 | Queue | Archer |
| 19:33 | Queue | Archer |
| 20:00 | Queue | Archer |
| 20:01 | Queue | Archer |
| 20:22 | Queue | Villager (Male) |
| 20:22 | Queue | Villager (Male) |
| 20:24 | Build | House |
| 20:51 | Build | House |
| 21:09 | Research | Castle Age |
| 21:59 | Queue | Archer |
| 21:59 | Queue | Archer |
| 22:36 | Queue | Archer |
| 22:36 | Queue | Archer |
| 22:37 | Queue | Villager (Male) |
| 22:51 | Build | Mill |
| 23:03 | Build | Mill |
| 23:40 | Queue | Archer |
| 23:40 | Queue | Archer |
| 23:49 | Age | Castle Age |
| 23:51 | Build | Siege Workshop |
| 23:56 | Research | Bodkin Arrow |
| 24:02 | Research | Crossbowman (upgrade) |
| 24:02 | Research | Crossbowman (upgrade) |
| 24:07 | Build | Town Center |
| 24:10 | Research | Bow Saw |
| 24:25 | Queue | Mangonel |
| 24:38 | Build | House |
| 24:41 | Build | Mill |
| 24:45 | Queue | Villager (Male) |
| 24:45 | Queue | Villager (Male) |
| 24:47 | Queue | Archer |
| 24:48 | Queue | Archer |
| 25:21 | Queue | Villager (Male) |
| 25:21 | Queue | Villager (Male) |
| 25:21 | Queue | Villager (Male) |
| 25:48 | Queue | Archer |
| 25:48 | Queue | Archer |
Build order — Mat--
81 actions detected in the replay
| 0:55 | Build | Town Center |
| 1:00 | Build | Lumber Camp |
| 1:31 | Build | House |
| 3:11 | Research | Loom |
| 3:16 | Queue | Villager (Male) |
| 3:16 | Queue | Villager (Male) |
| 3:24 | Queue | Villager (Male) |
| 3:57 | Queue | Villager (Male) |
| 5:01 | Build | House |
| 5:19 | Queue | Villager (Male) |
| 5:19 | Queue | Villager (Male) |
| 5:43 | Queue | Villager (Male) |
| 5:43 | Queue | Villager (Male) |
| 5:55 | Build | House |
| 6:03 | Queue | Villager (Male) |
| 6:04 | Queue | Villager (Male) |
| 6:31 | Queue | Villager (Male) |
| 6:32 | Queue | Villager (Male) |
| 6:46 | Build | Lumber Camp |
| 6:55 | Queue | Villager (Male) |
| 6:56 | Queue | Villager (Male) |
| 7:26 | Queue | Villager (Male) |
| 7:26 | Queue | Villager (Male) |
| 7:41 | Build | House |
| 7:59 | Queue | Villager (Male) |
| 7:59 | Queue | Villager (Male) |
| 8:00 | Queue | Villager (Male) |
| 8:42 | Queue | Villager (Male) |
| 9:02 | Build | Mill |
| 9:07 | Queue | Villager (Male) |
| 9:13 | Build | House |
| 9:41 | Queue | Villager (Male) |
| 10:08 | Queue | Villager (Male) |
| 10:13 | Build | Mining Camp |
| 10:36 | Queue | Villager (Male) |
| 11:22 | Research | Feudal Age |
| 11:22 | Research | Feudal Age |
| 12:12 | Build | Barracks |
| 13:26 | Queue | Villager (Male) |
| 13:32 | Age | Feudal Age |
| 13:41 | Build | Watch Tower |
| 13:51 | Build | Archery Range |
| 13:58 | Research | Double-Bit Axe |
| 13:59 | Queue | Villager (Male) |
| 14:10 | Build | House |
| 14:12 | Queue | Villager (Male) |
| 14:40 | Queue | Villager (Male) |
| 14:50 | Queue | Archer |
| 14:50 | Queue | Archer |
| 14:54 | Build | House |
| 15:06 | Build | Watch Tower |
| 15:13 | Queue | Villager (Male) |
| 15:18 | Build | Blacksmith |
| 15:27 | Queue | Villager (Male) |
| 15:51 | Queue | Archer |
| 15:53 | Queue | Villager (Male) |
| 16:13 | Build | House |
| 16:15 | Queue | Archer |
| 16:16 | Queue | Villager (Male) |
| 16:36 | Build | Watch Tower |
| 16:42 | Queue | Villager (Male) |
| 16:52 | Queue | Villager (Male) |
| 16:54 | Queue | Archer |
| 17:19 | Queue | Villager (Male) |
| 17:50 | Queue | Archer |
| 17:50 | Queue | Villager (Male) |
| 18:10 | Queue | Villager (Male) |
| 18:27 | Queue | Archer |
| 18:34 | Queue | Villager (Male) |
| 18:37 | Build | Mill |
| 19:17 | Build | Watch Tower |
| 19:37 | Queue | Villager (Male) |
| 20:03 | Queue | Villager (Male) |
| 20:09 | Build | Watch Tower |
| 20:21 | Build | House |
| 20:23 | Build | House |
| 20:45 | Build | Mill |
| 20:51 | Build | Mining Camp |
| 21:33 | Research | Fletching |
| 21:59 | Queue | Archer |
| 22:06 | Build | Market |
Build order — H 2 0
First 150 of 163 actions detected
| 0:17 | Build | Town Center |
| 2:23 | Research | Loom |
| 2:53 | Queue | Villager (Male) |
| 2:53 | Queue | Villager (Male) |
| 3:16 | Queue | Villager (Male) |
| 3:16 | Queue | Villager (Male) |
| 3:25 | Build | House |
| 3:43 | Queue | Villager (Male) |
| 3:44 | Queue | Villager (Male) |
| 4:00 | Queue | Villager (Male) |
| 4:21 | Build | Lumber Camp |
| 4:29 | Queue | Villager (Male) |
| 4:29 | Queue | Villager (Male) |
| 4:42 | Queue | Villager (Male) |
| 4:42 | Queue | Villager (Male) |
| 4:47 | Build | House |
| 5:10 | Queue | Villager (Male) |
| 5:35 | Queue | Villager (Male) |
| 5:36 | Queue | Villager (Male) |
| 5:36 | Queue | Villager (Male) |
| 5:49 | Build | House |
| 6:02 | Queue | Villager (Male) |
| 6:19 | Queue | Villager (Male) |
| 6:45 | Build | Mining Camp |
| 7:19 | Queue | Villager (Male) |
| 7:23 | Build | House |
| 7:25 | Queue | Villager (Male) |
| 7:26 | Queue | Villager (Male) |
| 7:56 | Queue | Villager (Male) |
| 8:47 | Queue | Villager (Male) |
| 8:49 | Build | House |
| 9:00 | Queue | Villager (Male) |
| 9:03 | Build | House |
| 9:17 | Build | House |
| 9:21 | Queue | Villager (Male) |
| 10:16 | Research | Feudal Age |
| 10:32 | Build | Barracks |
| 11:20 | Build | House |
| 11:32 | Queue | Villager (Male) |
| 11:54 | Build | Palisade Wall |
| 11:56 | Build | Palisade Wall |
| 12:34 | Age | Feudal Age |
| 12:37 | Build | Stable |
| 12:39 | Build | Blacksmith |
| 12:47 | Queue | Villager (Male) |
| 13:13 | Queue | Villager (Male) |
| 13:38 | Build | House |
| 13:44 | Research | Castle Age |
| 14:05 | Research | Double-Bit Axe |
| 14:38 | Build | Stable |
| 14:59 | Research | Bloodlines |
| 15:30 | Queue | Villager (Male) |
| 15:32 | Build | House |
| 15:39 | Research | Scale Barding Armor |
| 15:40 | Research | Scale Barding Armor |
| 16:09 | Queue | Villager (Male) |
| 16:29 | Age | Castle Age |
| 16:31 | Queue | Knight |
| 16:31 | Queue | Knight |
| 16:33 | Queue | Villager (Male) |
| 16:38 | Build | Town Center |
| 16:50 | Queue | Knight |
| 16:50 | Queue | Knight |
| 16:54 | Queue | Villager (Male) |
| 17:24 | Research | Husbandry |
| 17:24 | Research | Husbandry |
| 17:25 | Queue | Villager (Male) |
| 17:36 | Research | Forging |
| 17:49 | Queue | Villager (Male) |
| 18:01 | Queue | Villager (Male) |
| 18:12 | Build | Mill |
| 18:13 | Queue | Villager (Male) |
| 18:36 | Queue | Villager (Male) |
| 18:37 | Queue | Villager (Male) |
| 18:43 | Build | Town Center |
| 19:03 | Queue | Villager (Male) |
| 19:08 | Queue | Villager (Male) |
| 19:10 | Build | Farm |
| 19:10 | Build | Farm |
| 19:14 | Queue | Villager (Male) |
| 19:17 | Queue | Villager (Male) |
| 19:23 | Queue | Villager (Male) |
| 19:42 | Queue | Villager (Male) |
| 19:49 | Queue | Villager (Male) |
| 19:51 | Build | Farm |
| 20:00 | Queue | Villager (Male) |
| 20:06 | Queue | Villager (Male) |
| 20:12 | Queue | Villager (Male) |
| 20:16 | Build | Mill |
| 20:24 | Build | Farm |
| 20:24 | Build | Farm |
| 20:29 | Queue | Villager (Male) |
| 20:34 | Build | House |
| 21:16 | Queue | Villager (Male) |
| 21:20 | Queue | Villager (Male) |
| 21:21 | Build | Farm |
| 21:23 | Build | Farm |
| 21:24 | Build | House |
| 21:26 | Queue | Villager (Male) |
| 21:27 | Queue | Knight |
| 21:27 | Queue | Knight |
| 21:31 | Research | Bow Saw |
| 21:35 | Build | House |
| 21:36 | Queue | Villager (Male) |
| 21:39 | Queue | Villager (Male) |
| 21:49 | Queue | Villager (Male) |
| 21:53 | Build | House |
| 21:55 | Build | Farm |
| 21:58 | Queue | Villager (Male) |
| 22:02 | Queue | Knight |
| 22:04 | Queue | Knight |
| 22:08 | Queue | Villager (Male) |
| 22:12 | Build | House |
| 22:15 | Build | Farm |
| 22:16 | Build | Farm |
| 22:17 | Queue | Villager (Male) |
| 22:19 | Queue | Villager (Male) |
| 22:38 | Queue | Knight |
| 22:39 | Queue | Villager (Male) |
| 22:42 | Queue | Villager (Male) |
| 22:49 | Queue | Villager (Male) |
| 22:53 | Queue | Villager (Male) |
| 23:03 | Queue | Knight |
| 23:04 | Queue | Villager (Male) |
| 23:08 | Build | Market |
| 23:09 | Queue | Villager (Male) |
| 23:13 | Research | Wheelbarrow |
| 23:16 | Queue | Villager (Male) |
| 23:27 | Queue | Knight |
| 23:28 | Queue | Villager (Male) |
| 23:31 | Build | Farm |
| 23:31 | Research | Horse Collar |
| 23:32 | Queue | Villager (Male) |
| 23:57 | Queue | Villager (Male) |
| 23:58 | Queue | Villager (Male) |
| 24:00 | Queue | Villager (Male) |
| 24:09 | Build | Mill |
| 24:09 | Queue | Villager (Male) |
| 24:13 | Build | Mill |
| 24:17 | Queue | Villager (Male) |
| 24:27 | Build | House |
| 24:33 | Build | Mining Camp |
| 24:36 | Queue | Villager (Male) |
| 24:46 | Research | Gold Mining |
| 24:50 | Queue | Villager (Male) |
| 24:57 | Build | House |
| 25:01 | Queue | Villager (Male) |
| 25:07 | Queue | Villager (Male) |
| 25:13 | Queue | Villager (Male) |
| 25:18 | Build | Town Center |
Build order — czj136
104 actions detected in the replay
| 0:17 | Build | House |
| 0:27 | Build | Town Center |
| 2:30 | Queue | Villager (Male) |
| 2:30 | Queue | Villager (Male) |
| 2:30 | Queue | Villager (Male) |
| 2:30 | Queue | Villager (Male) |
| 2:59 | Research | Loom |
| 3:40 | Queue | Villager (Male) |
| 4:03 | Build | Lumber Camp |
| 4:08 | Queue | Villager (Male) |
| 4:20 | Build | House |
| 4:44 | Queue | Villager (Male) |
| 4:50 | Build | House |
| 5:04 | Build | House |
| 5:34 | Queue | Villager (Male) |
| 5:47 | Queue | Villager (Male) |
| 6:03 | Queue | Villager (Male) |
| 6:21 | Queue | Villager (Male) |
| 6:36 | Queue | Villager (Male) |
| 6:48 | Build | House |
| 7:35 | Queue | Villager (Male) |
| 7:40 | Queue | Villager (Male) |
| 7:56 | Queue | Villager (Male) |
| 8:08 | Queue | Villager (Male) |
| 8:15 | Build | Mill |
| 8:19 | Queue | Villager (Male) |
| 8:35 | Build | House |
| 8:55 | Queue | Villager (Male) |
| 9:27 | Build | House |
| 9:37 | Build | House |
| 9:45 | Queue | Villager (Male) |
| 10:02 | Queue | Villager (Male) |
| 10:28 | Build | House |
| 10:30 | Build | House |
| 10:56 | Research | Feudal Age |
| 11:05 | Queue | Villager (Male) |
| 11:20 | Build | Barracks |
| 11:31 | Build | Palisade Wall |
| 11:34 | Build | Palisade Wall |
| 12:19 | Build | House |
| 13:08 | Queue | Villager (Male) |
| 13:25 | Age | Feudal Age |
| 13:28 | Build | Stable |
| 13:30 | Queue | Villager (Male) |
| 13:34 | Research | Double-Bit Axe |
| 13:46 | Queue | Villager (Male) |
| 14:01 | Queue | Villager (Male) |
| 14:14 | Build | House |
| 14:16 | Queue | Scout Cavalry |
| 14:16 | Queue | Scout Cavalry |
| 14:19 | Build | House |
| 14:26 | Build | Palisade Wall |
| 14:47 | Build | House |
| 14:49 | Build | Palisade Wall |
| 15:06 | Build | Archery Range |
| 15:54 | Queue | Scout Cavalry |
| 16:10 | Build | Mining Camp |
| 16:14 | Queue | Archer |
| 16:53 | Queue | Villager (Male) |
| 16:53 | Queue | Villager (Male) |
| 17:22 | Build | House |
| 17:23 | Build | House |
| 17:40 | Queue | Archer |
| 18:02 | Queue | Villager (Male) |
| 18:02 | Queue | Villager (Male) |
| 18:04 | Build | House |
| 18:20 | Queue | Villager (Male) |
| 18:26 | Queue | Archer |
| 18:26 | Queue | Archer |
| 18:46 | Build | Lumber Camp |
| 18:54 | Queue | Archer |
| 19:00 | Queue | Villager (Male) |
| 19:22 | Queue | Villager (Male) |
| 19:29 | Queue | Archer |
| 19:47 | Queue | Archer |
| 20:17 | Queue | Archer |
| 20:23 | Build | Blacksmith |
| 20:35 | Build | Mining Camp |
| 20:47 | Queue | Archer |
| 20:56 | Research | Fletching |
| 20:58 | Queue | Villager (Male) |
| 21:02 | Queue | Villager (Male) |
| 21:24 | Queue | Archer |
| 21:33 | Queue | Villager (Male) |
| 21:53 | Build | Market |
| 21:56 | Build | House |
| 22:07 | Research | Castle Age |
| 22:07 | Research | Castle Age |
| 22:55 | Queue | Archer |
| 23:29 | Queue | Archer |
| 23:34 | Build | Archery Range |
| 23:41 | Build | Archery Range |
| 24:09 | Queue | Villager (Male) |
| 24:29 | Build | House |
| 24:31 | Build | House |
| 24:32 | Build | House |
| 24:34 | Queue | Archer |
| 24:34 | Queue | Archer |
| 24:47 | Age | Castle Age |
| 24:58 | Build | Town Center |
| 25:12 | Queue | Villager (Male) |
| 25:12 | Queue | Villager (Male) |
| 25:22 | Research | Crossbowman (upgrade) |
| 25:57 | Queue | Villager (Male) |
Match timeline
| 4:59 | Floripa · wall_segment Palisade Wall x1 |
| 8:46 | Fs.mano do age · first_building Barracks |
| 9:11 | brunol1901 · first_building Dock |
| 10:18 | Floripa · wall_segment Palisade Wall x7 |
| 10:32 | H 2 0 · first_building Barracks |
| 10:37 | Floripa · wall_segment Palisade Wall x10 |
| 10:39 | The Slayer · first_building Barracks |
| 10:40 | trabant · wall_segment Palisade Wall x7 |
| 11:20 | czj136 · first_building Barracks |
| 11:27 | Fs.mano do age · age_up feudal |
| 11:31 | czj136 · wall_segment Palisade Wall x1 |
| 11:34 | czj136 · wall_segment Palisade Wall x4 |
| 11:40 | Floripa · wall_segment Palisade Wall x11 |
| 11:45 | Fs.mano do age · first_building Dock |
| 11:46 | Floripa · wall_segment Palisade Wall x10 |
| 11:53 | The Slayer · age_up feudal |
| 11:54 | H 2 0 · wall_segment Palisade Wall x1 |
| 11:56 | H 2 0 · wall_segment Palisade Wall x1 |
| 11:57 | The Slayer · first_building Archery Range |
| 12:12 | Mat-- · first_building Barracks |
| 12:34 | H 2 0 · age_up feudal |
| 12:37 | H 2 0 · first_building Stable |
| 13:22 | Floripa · wall_segment Palisade Wall x1 |
| 13:22 | trabant · age_up feudal |
| 13:25 | czj136 · age_up feudal |
| 13:28 | czj136 · first_building Stable |
| 13:30 | Floripa · wall_segment Palisade Wall x1 |
| 13:32 | Floripa · wall_segment Palisade Wall x1 |
| 13:32 | Mat-- · age_up feudal |
| 13:38 | Floripa · age_up feudal |
| 13:48 | trabant · wall_segment Palisade Wall x5 |
| 13:51 | Mat-- · first_building Archery Range |
| 13:53 | Floripa · wall_segment Palisade Wall x1 |
| 13:55 | Floripa · wall_segment Palisade Wall x1 |
| 13:56 | Floripa · wall_segment Palisade Wall x1 |
| 13:58 | Floripa · wall_segment Palisade Wall x1 |
| 14:07 | brunol1901 · age_up feudal |
| 14:18 | Floripa · wall_segment Palisade Wall x1 |
| 14:26 | czj136 · wall_segment Palisade Wall x1 |
| 14:34 | trabant · wall_segment Palisade Wall x6 |
| 14:47 | trabant · wall_segment Palisade Wall x5 |
| 14:49 | czj136 · wall_segment Palisade Wall x1 |
| 14:59 | Floripa · wall_segment Palisade Wall x16 |
| 15:06 | czj136 · first_building Archery Range |
| 15:26 | brunol1901 · wall_segment Palisade Wall x1 |
| 15:27 | brunol1901 · wall_segment Palisade Wall x1 |
| 15:28 | brunol1901 · wall_segment Palisade Wall x1 |
| 15:42 | brunol1901 · wall_segment Palisade Wall x1 |
| 16:25 | Floripa · tribute_sent a jugador 1 |
| 16:25 | Floripa · tribute_sent a jugador 2 |
| 16:25 | Floripa · tribute_sent a jugador 4 |
| 16:25 | Floripa · tribute_sent a jugador 5 |
| 16:25 | Floripa · tribute_sent a jugador 6 |
| 16:25 | Floripa · tribute_sent a jugador 7 |
| 16:25 | Floripa · tribute_sent a jugador 8 |
| 16:29 | H 2 0 · age_up castle |
| 17:07 | trabant · wall_segment Palisade Wall x1 |
| 17:28 | trabant · age_up castle |
| 17:34 | Floripa · age_up castle |
| 17:34 | trabant · first_market_sell 100 wood |
| 17:37 | trabant · first_market_buy 100 stone |
| 18:33 | trabant · first_building Castle |
| 19:03 | brunol1901 · first_market_buy 100 wood |
| 19:26 | Fs.mano do age · wall_segment Palisade Wall x1 |
| 19:27 | Fs.mano do age · wall_segment Palisade Wall x1 |
| 19:29 | Fs.mano do age · wall_segment Palisade Wall x1 |
| 19:30 | Fs.mano do age · wall_segment Palisade Wall x1 |
| 19:32 | Fs.mano do age · wall_segment Palisade Wall x1 |
| 19:33 | Fs.mano do age · wall_segment Palisade Wall x1 |
| 19:41 | Fs.mano do age · wall_segment Palisade Wall x1 |
| 19:53 | Fs.mano do age · wall_segment Stone Wall x1 |
| 20:12 | Floripa · first_market_buy 100 stone |
| 20:34 | brunol1901 · age_up castle |
| 20:41 | The Slayer · first_market_sell 100 wood |
| 21:14 | brunol1901 · first_building Siege Workshop |
| 22:15 | Floripa · first_building Barracks |
| 23:13 | Floripa · first_building Archery Range |
| 23:35 | brunol1901 · first_market_sell 100 wood |
| 23:42 | Fs.mano do age · age_up castle |
| 23:49 | The Slayer · age_up castle |
| 23:51 | The Slayer · first_building Siege Workshop |
| 24:05 | Fs.mano do age · first_building Siege Workshop |
| 24:12 | Mat-- · first_market_buy 100 wood |
| 24:24 | czj136 · first_market_sell 100 wood |
| 24:45 | Floripa · first_building Monastery |
| 24:47 | czj136 · age_up castle |
| 25:11 | H 2 0 · first_market_sell 100 food |
| 25:12 | H 2 0 · first_market_buy 100 stone |
| 25:20 | czj136 · first_market_buy 100 food |
| 25:37 | brunol1901 · resign |
[ AI ANALYSIS · 1 CREDIT ]
What really happened in this match?
Wolo.gg analyzes every decision: build order, eco, micro, common mistakes by bracket. Personalized analysis on WhatsApp or Discord in 30 seconds.
Civ guide
Japanese
Perfil
Jugador #417910